 Dungeon Crawl Stone Soup version 0.29.1-2-gbd0b4ee654 (webtiles) character file.

Game seed: 12604380327098281972

392 fireball365 the Chopper (level 6, -3/52 HPs)
             Began as a Hill Orc Fighter on Oct 26, 2022.
             Was an Initiate of Gozag.
             Slain by an orc
             ... wielding a +0 trident
              (6 damage)
             ... on level 4 of the Dungeon on Oct 27, 2022.
             The game lasted 00:12:48 (3056 turns).

fireball365 the Chopper (Hill Orc Fighter)          Turns: 3056, Time: 00:12:49

Health: -3/52      AC: 11    Str: 21    XL:     6   Next: 80%
Magic:  6/6        EV:  7    Int:  8    God:    Gozag
Gold:   33         SH:  4    Dex: 10    Spells: 5/5 levels left

rFire   + . .      SeeInvis .   a - +0 war axe (protect)
rCold   . . .      Faith    .   c - +0 buckler
rNeg    . . .      Spirit   .   p - +0 chain mail
rPois   +          Reflect  .   f - +0 hat
rElec   .          Harm     .   (no cloak)
rCorr   .          Rampage  .   e - +0 pair of gloves
Will    .....                   (no boots)
Stlth   ..........              (no amulet)
HPRegen 0.17/turn               m - ring of poison resistance
MPRegen 0.10/turn               r - ring of protection from fire

@: mighty
A: no striking features
a: Renounce Religion, Convert to Beogh, Potion Petition, Call Merchant, Bribe
Branch


You were on level 4 of the Dungeon.
You worshipped Gozag.
Gozag was noncommittal.
You visited 2 branches of the dungeon, and saw 5 of its levels.

You collected 79 gold pieces.
You paid 46 gold pieces to Gozag.

Inventory:

Hand Weapons
 a - a +0 war axe of protection (weapon)
 u - a +2 spear of venom
Missiles
 g - 28 stones (quivered)
 h - 11 poisoned darts
 w - 2 boomerangs
Armour
 c - a +0 buckler (worn)
 e - a +0 pair of gloves (worn)
 f - a +0 hat (worn)
 p - a +0 chain mail (worn)
Jewellery
 m - a ring of poison resistance (left hand)
 r - a ring of protection from fire (right hand)
Scrolls
 i - 3 scrolls of identify
 o - a scroll of enchant armour {unknown}
 s - a scroll of noise
 v - a scroll of poison {unknown}
Potions
 j - 2 potions of attraction
 k - a potion of ambrosia {unknown}
 n - a potion of heal wounds {unknown}
 q - a potion of curing {unknown}


   Skills:
 - Level 3.8 Fighting
 * Level 7.5 Axes
 + Level 5.3 Armour
 - Level 3.4 Shields


You had 5 spell levels left.
You didn't know any spells.
Your spell library contained the following spells:

 Spells                   Type           Power      Damage    Failure   Level
 Scorch                   Fire           0%         2d5       100%        2
 Flame Wave               Conj/Fire      0%         2d4       100%        4
 Summon Cactus Giant      Summ           0%         N/A       100%        6


Dungeon Overview and Level Annotations

Branches:
Dungeon (4/15)             Temple (1/1) D:4

Altars:
Ashenzari
Dithmenos
Elyvilon
Fedhas
Gozag
Hepliaklqana
Makhleb
Nemelex Xobeh
Okawaru
Qazlal
Ru
Sif Muna
Trog
Uskayaw
Xom
Yredelemnul
Zin
The Shining One


Message History

The orc is no longer distracted by gold.
The orc is distracted by your dazzling golden aura.
The orc priest is distracted by your dazzling golden aura.
Things that are here:
6 gold pieces; a +0 mace The orc priest is no longer distracted by gold.
The orc priest mumbles some strange prayers to Beogh against you.
Pain shoots through your body!
* * * LOW HITPOINT WARNING * * *
You closely miss the orc priest.
The orc priest hits you with a +0 war axe.
* * * LOW HITPOINT WARNING * * *
You closely miss the orc priest.
The orc is no longer distracted by gold.
You slash the orc priest!
Your weapon exudes an aura of protection.
The orc priest is severely wounded.
The orc priest hits you but does no damage.
You barely miss the orc priest.
The orc priest is severely wounded.
The orc hits you from afar with a +0 trident.
* * * LOW HITPOINT WARNING * * *
The orc priest hits you but does no damage.
The orc priest shouts, "Beogh is our master!
Accept the truth or die!"
You closely miss the orc priest.
The orc priest is severely wounded.
The orc hits you but does no damage.
The orc priest shouts, "Surrender to Beogh and we'll let you live!"
The orc priest closely misses you.
You barely miss the orc priest.
The orc priest is severely wounded.
You block the orc's attack.
The orc priest hits you but does no damage. x2
The orc barely misses you.
You closely miss the orc priest.
The orc priest threatens, "By the altar or by the axe, you will meet Beogh!"
The orc priest is severely wounded.
The orc hits you from afar with a +0 trident.
You die...
Your body crumbles into a pile of gold.

.................#
...............$...$......#
..........................#
...............().........#
.................?........#
....[.............).......#
..................o.......#
................o.........#
..:.............@h........#
..........................#
..........$.$.$............
............$.$...........#
....$.......$.$............
....$...................
........................
........................
.......................


You could see a hound, an orc priest and an orc.

Vanquished Creatures
  An ogre (D:4)
  A scorpion (D:4)
  A howler monkey (D:4)
  A hound (D:4)
  A jelly (D:4)
  3 gnolls (D:3)
  6 adders
  A worm (D:3)
  A dart slug (D:4)
  5 orcs
  2 bats
  3 endoplasms
  3 giant cockroaches
  6 goblins
  6 hobgoblins
  7 jackals
  2 quokkas (D:4)
  7 ball pythons
  3 frilled lizards
  7 kobolds
  4 rats
71 creatures vanquished.

Vanquished Creatures (others)
  9 fungi (D:2)
9 creatures vanquished.

Grand Total: 80 creatures vanquished

Notes
Turn   | Place    | Note
-------+----------+-------------------------------------------
     0 | D:1      | fireball365 the Hill Orc Fighter began the quest for the
                  | Orb.
     0 | D:1      | Reached XP level 1. HP: 19/19 MP: 1/1
   406 | D:1      | Reached skill level 3 in Axes
   406 | D:1      | Reached XP level 2. HP: 26/27 MP: 2/2
   858 | D:2      | Found a faded altar of an unknown god.
   888 | D:2      | Prayed at the altar of an unknown god.
   888 | D:2      | Became a worshipper of the Shining One
   888 | D:2      | Reached * piety under the Shining One
  1004 | D:2      | Reached XP level 3. HP: 31/33 MP: 3/3
  1106 | D:2      | Reached skill level 4 in Axes
  1631 | D:3      | Reached XP level 4. HP: 39/40 MP: 4/4
  1667 | D:3      | Found a stormy altar of Qazlal.
  1670 | D:3      | Found a shadowy altar of Dithmenos.
  1752 | D:3      | Found a glowing golden altar of the Shining One.
  1900 | D:3      | Reached skill level 5 in Axes
  1975 | D:3      | Reached XP level 5. HP: 22/46 MP: 5/5
  2414 | D:4      | Reached skill level 6 in Axes
  2415 | D:4      | Noticed an ogre
  2421 | D:4      | Reached XP level 6. HP: 11/52 MP: 6/6
  2448 | D:4      | Found a staircase to the Ecumenical Temple.
  2455 | D:4      | Reached skill level 7 in Axes
  2455 | D:4      | Reached skill level 5 in Armour
  2471 | Temple   | Entered the Ecumenical Temple
  2783 | Temple   | Fell from the grace of the Shining One
  2783 | Temple   | Became a worshipper of Gozag Ym Sagoz the Greedy
  3053 | D:4      | HP: 2/52 [orc/+0 trident (4)]
  3056 | D:4      | Slain by an orc

Illustrated notes

Levels and vault maps discovered:
D:1:      arrival_zaba_pyramid, layout_basic
D:2:      layout_loops_ring, shapermc_ecumenical_altar_hornbeckon
D:3:      layout_rooms, grunt_dithmenos_smoke, tso_metal_star,
          mainiacjoe_overflow_alcove_1
D:4:      layout_basic, temple_fountains, uniq_edmund
Temple:   bh_familiar_temple

Skill      XL: |  1  2  3  4  5  6 |
---------------+-------------------+-----
Axes           | 3 4 5 6 7 |  7.5
Armour         | 4 5 |  5.3
Fighting       | |  3.8
Shields        | |  3.4

Action                   |  1- 3 |  4- 6 || total
-------------------------+-------+-------++-------
Melee: War axe           |    71 |   114 ||   185
  Use: Scroll            |       |     4 ||     4
       Potion            |       |     1 ||     1
Armor: Scale mail        |    45 |     5 ||    50
       Chain mail        |       |    85 ||    85
Dodge: Dodged            |    37 |    49 ||    86
Block: Buckler           |    24 |    23 ||    47
